 Dungeon Crawl Stone Soup version 0.23.0 (webtiles) character file.

Game seed: 5002160269654736764

259 Yuikono the Conjurer (level 5, 0/38 HPs)
             Began as a Draconian Conjurer on Feb 12, 2019.
             Slain by a sky beast (6 damage)
             ... on level 5 of the Dungeon.
             The game lasted 00:09:21 (4277 turns).

Yuikono the Conjurer (Draconian Conjurer)           Turns: 4277, Time: 00:09:22

Health: 0/38       AC:  5    Str: 10    XL:     5   Next: 94%
Magic:  7/11       EV: 12    Int: 17    God:
Gold:   95         SH:  0    Dex: 11    Spells: 5/12 levels left

rFire    . . .     SeeInvis .   f - +2 short sword (speed)
rCold    . . .     Gourm    .   (no shield)
rNeg     . . .     Faith    .   (armour unavailable)
rPois    .         Spirit   .   (helmet restricted)
rElec    .         Reflect  .   (no cloak)
rCorr    .         Harm     .   (no gloves)
MR       .....                  (no boots)
Stlth    ++........             (no amulet)
HPRegen  0.12/turn              (no ring)
MPRegen  0.12/turn              (no ring)

@: no status effects
A: unfitting armour, cold-blooded, AC +5
a: no special abilities


You were on level 5 of the Dungeon.
You were not hungry.

You visited 1 branch of the dungeon, and saw 5 of its levels.

You collected 95 gold pieces.

Inventory:

Hand Weapons
 c - a +0 mace
 f - a +2 short sword of speed (weapon)
 w - a +0 blowgun
Missiles
 g - 141 stones (quivered)
 h - 17 sling bullets
 l - 31 bolts
 n - 12 poisoned needles
 o - 32 arrows
 C - a throwing net
Magical Staves
 A - an uncursed staff of cold
Jewellery
 a - a +3 ring of strength {unknown}
 e - an uncursed ring of poison resistance {unknown}
 q - an uncursed amulet of magic regeneration {unknown}
 y - a cursed amulet of inaccuracy {unknown}
 B - an uncursed ring of ice {unknown}
Wands
 r - a wand of clouds (6)
Scrolls
 k - 2 scrolls of amnesia {unknown}
 p - a scroll of teleportation {unknown}
 s - 2 scrolls of fear {unknown}
 u - 2 scrolls of identify {unknown}
 x - a scroll of remove curse {unknown}
 D - a scroll of fog {unknown}
Potions
 d - a potion of haste {unknown}
 i - 2 potions of flight {unknown}
 j - a potion of heal wounds {unknown}
 m - a potion of ambrosia {unknown}
 t - a potion of curing {unknown}
 v - 2 potions of cancellation {unknown}
 z - 2 potions of mutation {unknown}
 E - 2 potions of lignification {unknown}
Comestibles
 b - 12 rations


   Skills:
 - Level 1.7 Dodging
 - Level 1.7 Stealth
 + Level 4.3 Spellcasting
 + Level 5.8 Conjurations


You had 5 spell levels left.
You knew the following spells:

 Your Spells              Type           Power        Failure   Level  Hunger
a - Magic Dart            Conj           ###.         1%          1    None
b - Searing Ray           Conj           ###...       1%          2    ##.....
c - Dazzling Spray        Conj/Hex       ##....       14%         3    ###....
d - Animate Skeleton      Necr           N/A          16%         1    None

Your spell library contained the following spells:

 Spells                   Type           Power        Failure   Level  Hunger
 Iskenderun's Mystic Bla  Conj           ###.....     14%         4    ####...
 Apportation              Tloc           #.....       16%         1    None
 Confusing Touch          Hex            #.....       16%         1    None
 Summon Small Mammal      Summ           #...         16%         1    None
 Force Lance              Conj/Tloc      ##......     41%         4    ####...
 Fulminant Prism          Conj/Hex       ##........   41%         4    ####...


Dungeon Overview and Level Annotations

Branches:
Dungeon (5/15)
 Temple: D:4-7

Altars:
Hepliaklqana
Zin
The Shining One

Shops:
D:4 *


Innate Abilities, Weirdness & Mutations

Your plain brown scales are hard. (AC +5)
You cannot fit into any form of body armour.
You are cold-blooded and may be slowed by cold attacks.


Message History

(Press . to maintain the ray.)
Something hits you but does no damage. Something hits you.
Something shocks you.
The searing ray hits something!
A hound comes into view.
Something hits you but does no damage.
The searing ray hits something!
You finish channeling your searing ray.
Something completely misses you.
The hound barks!
The hound bites you. The hound barely misses you. The hound barely misses you.
The hound barely misses you. The hound closely misses you. The hound bites you.
There is a stone staircase leading up here.
The hound bites you.
* * * LOW HITPOINT WARNING * * *
Something hits you.
* * * LOW HITPOINT WARNING * * *
Something shocks you.
You die...

#..###'####.#.#
#..###.####...#
#.............#
##..#..........#
...............#
.#..#..........###
#..#..............
#. #h........#####
# #.@.......#
#.######### ...
..... ..#..#. #
#..#. #..#. .. ..


You could see a hound.

Vanquished Creatures
  A scorpion (D:4)
  A bullfrog skeleton (D:4)
  A worker ant (D:4)
  A howler monkey skeleton (D:4)
  4 adders
  An ooze (D:3)
  5 worms
  2 dart slugs
  2 leopard geckos
  3 orcs (D:3)
  7 bats
  A bat zombie (D:1)
  6 giant cockroaches
  12 hobgoblins
  4 jackals (D:3)
  14 kobolds
  2 quokkas (D:2)
  3 frilled lizards
  3 goblins
  A jackal zombie (D:1)
  4 rats
78 creatures vanquished.

Notes
Turn   | Place    | Note
-------+----------+-------------------------------------------
     0 | D:1      | Yuikono the Draconian Conjurer began the quest for the Orb.
     0 | D:1      | Reached XP level 1. HP: 14/14 MP: 3/3
   281 | D:1      | Found a glowing silver altar of Zin.
   293 | D:1      | Reached XP level 2. HP: 15/20 MP: 5/5
   543 | D:1      | Learned a level 2 spell: Searing Ray
   815 | D:1      | Reached XP level 3. HP: 26/26 MP: 7/7
  1266 | D:2      | Learned a level 3 spell: Dazzling Spray
  1578 | D:2      | Found a glowing golden altar of the Shining One.
  1924 | D:2      | Reached XP level 4. HP: 33/33 MP: 1/8
  1927 | D:2      | Learned a level 1 spell: Animate Skeleton
  2380 | D:3      | Reached skill level 5 in Conjurations
  2961 | D:3      | Reached XP level 5. HP: 31/38 MP: 6/10
  3572 | D:4      | Found a hazy altar of Hepliaklqana.
  3634 | D:4      | Found Afrutteh's Assorted Antiques.
  4246 | D:5      | Entered Level 5 of the Dungeon
  4259 | D:5      | Noticed a sky beast
  4277 | D:5      | Slain by a sky beast

Skill      XL: |  1  2  3  4  5 |
---------------+----------------+-----
Spellcasting   | 3 4 |  4.3
Conjurations   | 5 |  5.8
Dodging        | |  1.7
Stealth        | |  1.7

Action                   |  1- 3 |  4- 6 || total
-------------------------+-------+-------++-------
Melee: Unarmed           |     9 |       ||     9
       Mace              |    11 |       ||    11
       Tailslap          |    11 |    14 ||    25
       Short sword       |   105 |   124 ||   229
Throw: Stone             |       |     1 ||     1
 Cast: Magic Dart        |     9 |    25 ||    34
       Searing Ray       |     3 |     3 ||     6
       Dazzling Spray    |       |     3 ||     3
 Stab: Sleeping          |     5 |     2 ||     7
       Invisible         |       |     1 ||     1
  Eat: Chunk             |     3 |     6 ||     9
       Ration            |       |     1 ||     1
Armor: Skin              |    39 |    43 ||    82
Dodge: Dodged            |    89 |    78 ||   167
